 Dungeon Crawl Stone Soup version 0.30-a0-726-gd89dcf765f (webtiles) character file.

Game seed: 4023703866651861804

267 scionoferis the Shooter (level 5, -6/39 HPs)
             Began as a Demigod Hexslinger on Jan 29, 2023.
             Mangled by an orc warrior
             ... wielding a +0 dire flail
              (14 damage)
             ... on level 4 of the Dungeon.
             The game lasted 00:07:31 (2705 turns).

scionoferis the Shooter (Demigod Hexslinger)        Turns: 2705, Time: 00:07:31

Health: -6/39      AC:  3    Str: 11    XL:     5   Next: 68%
Magic:  18/18      EV: 18    Int: 15    God:
Gold:   138        SH:  4    Dex: 18    Spells: 5/6 levels left

rFire   + . .      SeeInvis .    a - +2 short sword (venom)
rCold   + . .      Faith    .    e - +0 buckler
rNeg    . . .      Spirit   .    c - +0 robe
rPois   .          Reflect  .    (no helmet)
rElec   .          Harm     .    u - scarf {rC+ rF+}
rCorr   .          Rampage  .    (no gloves)
Will    .....                    q - +0 pair of boots
Stlth   ++                       (no amulet)
HPRegen 0.26/turn                n - +5 ring of evasion
MPRegen 0.16/turn                B - ring of magical power

@: no status effects
A: high MP 1, forlorn, divine attributes
a: no special abilities


You were on level 4 of the Dungeon.
You visited 1 branch of the dungeon, and saw 4 of its levels.

You collected 138 gold pieces.


Innate Abilities, Weirdness & Mutations

You have an increased reservoir of magic. (+10% MP)
You shall have no god before yourself.
Your divine heritage dramatically boosts your attributes as you level up.


   Skills:
 - Level 0.8 Fighting
 * Level 4.2 Ranged Weapons
 + Level 3.2 Dodging
 + Level 2.6 Stealth
 - Level 1.0 Spellcasting
 - Level 2.6 Hexes


You had 5 spell levels left.
You knew the following spells:

 Your Spells              Type           Power      Damage    Failure   Level
a - Slow                  Hex            32%        N/A       11%         1

Your spell library contained the following spells:

 Spells                   Type           Power      Damage    Failure   Level
 Inner Flame              Hex/Fire       4%         N/A       50%         3
 Portal Projectile        Hex/Tloc       8%         N/A       50%         3
 Cause Fear               Hex            4%         N/A       73%         4
 Animate Armour           Summ/Erth      0%         N/A       97%         4
 Blade Hands              Tmut           0%         N/A       100%        5
 Iron Shot                Conj/Erth      0%         9d1       100%        6

Inventory:

Hand Weapons
 a - a +2 short sword of venom (weapon)
   (You took it off a kobold on level 1 of the Dungeon)
 b - a +1 sling
Missiles
 i - a curare-tipped dart (quivered)
 z - 12 boomerangs
Armour
 c - a +0 robe (worn)
 e - a +0 buckler (worn)
   (You found it on level 1 of the Dungeon)
 q - a +0 pair of boots (worn)
   (You found it on level 2 of the Dungeon)
 u - a scarf of resistance (worn)
   (You found it on level 2 of the Dungeon)
Magical Staves
 w - a staff of air
   (You found it on level 2 of the Dungeon)
Jewellery
 n - a +5 ring of evasion (left hand)
   (You found it on level 2 of the Dungeon)
 B - a ring of magical power (right hand)
   (You found it on level 3 of the Dungeon)
Wands
 C - a wand of acid (10)
   (You found it on level 3 of the Dungeon)
 D - a wand of flame (16)
   (You took it off a hobgoblin on level 4 of the Dungeon)
Scrolls
 d - 2 scrolls of amnesia {unknown}
 h - a scroll of poison
 j - 2 scrolls of identify {unknown}
 k - a scroll of magic mapping {unknown}
 l - a scroll of enchant armour {unknown}
 m - 2 scrolls of blinking {unknown}
 o - a scroll of noise {unknown}
 v - 2 scrolls of fog {unknown}
 y - 2 scrolls of teleportation {unknown}
Potions
 f - a potion of cancellation {unknown}
 g - a potion of magic {unknown}
 p - a potion of brilliance {unknown}
 r - 3 potions of invisibility {unknown}
 s - a potion of curing {unknown}
 t - a potion of attraction {unknown}
 x - a potion of ambrosia {unknown}
 A - 2 potions of lignification {unknown}

Dungeon Overview and Level Annotations

Branches:
Dungeon (4/15)
 Temple: D:4-7

Shops:
D:1

: #.#
#..#.#.#
#.#
#..#....
#.#
#....o..o
#.#
#.####o#.
#.# #. .#.
#.# #.
#######.##
#.
.......#.#
..
#######@##
##
#.o.....#
.......(#
##.###...#
#.# ..#
#.# .# ..#
. .##


You could see an orc warrior (very poisoned).


Message History

You continue putting on your +0 buckler. x4
You finish putting on your +0 buckler.
Aiming: Slow (safe; 11% risk of failure)
Press: ? - help, Q - select action, (/) - cycle Shift-Dir - straight line Nothing appears to happen.
You start resting.
Magic restored.
Fire: a) +1 sling
Press: ? - help, Q - select action, (/) - cycle Shift-Dir - straight line You shoot a sling bullet.
Fire: a) +1 sling
Press: ? - help, Q - select action, (/) - cycle Shift-Dir - straight line You shoot a sling bullet.
Fire: a) +1 sling
Press: ? - help, Q - select action, (/) - cycle Shift-Dir - straight line You shoot a sling bullet.
You now have 18 gold pieces.
You now have 25 gold pieces (gained 7).
Found a mace.
A bat comes into view.
You shoot a sling bullet.
The sling bullet closely misses the bat.
The bat closely misses you.
You shoot a sling bullet. The sling bullet hits the bat.
You kill the bat!
No target in view!
You see here a bat corpse.
You open the door.
There is an open door here.
Found a stone staircase leading down.
f - a viscous red potion
g - a brown potion
There is a stone staircase leading down here.
Found a club.
A kobold comes into view. It is wielding a +0 dagger.
You shoot a sling bullet.
The sling bullet hits the kobold but does no damage.
The kobold shouts!
The kobold throws a stone.
The stone barely misses you.
You shoot a sling bullet.
The sling bullet closely misses the kobold.
The kobold throws a stone.
The stone closely misses you.
You shoot a sling bullet. The sling bullet hits the kobold.
You kill the kobold!
Your Ranged Weapons skill increases to level 2!
No target in view!
No target in view!
Found a faded altar of an unknown god.
You now have 36 gold pieces (gained 11).
You open the door.
A hobgoblin comes into view.
There is an open door here.
You shoot a sling bullet. The sling bullet hits the hobgoblin.
The hobgoblin shouts!
The hobgoblin is moderately wounded.
You shoot a sling bullet. The sling bullet hits the hobgoblin.
You kill the hobgoblin!
No target in view!
No target in view!
d - 2 scrolls labelled GIWOZU XOGIOST (gained 1)
You now have 50 gold pieces (gained 14).
A quokka comes into view.
You shoot a sling bullet. The sling bullet hits the quokka.
You kill the quokka!
No target in view!
No target in view!
You enter the shallow water.
Moving in this stuff is going to be slow.
A kobold comes into view.
It is wielding a +2 short sword of venom.
You shoot a sling bullet. The sling bullet hits the kobold!
You kill the kobold!
Your Dodging skill increases to level 2!
No target in view!
No target in view!
You see here a +2 short sword of venom.
h - a +2 short sword of venom Adjust to which letter? (? for menu, Esc to quit)
a - a +2 short sword of venom;
h - a +1 sling (weapon)
Adjust to which letter? (? for menu, Esc to quit)
b - a +1 sling (weapon);
h - a scroll of poison Your +2 short sword of venom begins to drip with poison!
a - a +2 short sword of venom (weapon)
Your +2 short sword of venom stops dripping with poison.
b - a +1 sling (weapon)
Found 6 stones.
You now have 52 gold pieces (gained 2).
Found a stone staircase leading down.
You now have 61 gold pieces (gained 9).
You open the door.
There is an open door here.
Found a stone staircase leading down.
Found Uluos's Book Shoppe.
There is an entrance to Uluos's Book Shoppe here.
You enter the shallow water.
Moving in this stuff is going to be slow.
You open the door.
Found an escape hatch in the floor.
Found a stone, a spear and 2 curare-tipped darts.
There is an open door here.
You now have 69 gold pieces (gained 8).
As you open the door, it creaks loudly!
You hear a shout!
You see here 2 curare-tipped darts.
i - 2 curare-tipped darts A kobold comes into view.
It is wielding a +0 club.
You shoot a sling bullet.
The sling bullet closely misses the kobold.
You shoot a sling bullet. The sling bullet hits the kobold.
The kobold is moderately wounded.
You shoot a sling bullet.
The sling bullet barely misses the kobold.
You shoot a sling bullet.
The sling bullet closely misses the kobold.
You shoot a sling bullet. The sling bullet hits the kobold.
The kobold is severely wounded.
The kobold hits you with a +0 club.
You shoot a sling bullet.
The sling bullet barely misses the kobold.
You block the kobold's attack. The kobold hits you with a +0 club.
You shoot a sling bullet. The sling bullet hits the kobold.
You kill the kobold!
No target in view!
HP restored.
There is an open door here.
There is a stone staircase leading down here.
j - a scroll labelled BIM CO ZEX You enter the shallow water.
Moving in this stuff is going to be slow.
There is an empty arch of ancient stone here.
k - a scroll labelled HUPTIS GOWN
There is a stone staircase leading down here.
There is an open door here.
Done exploring.
Search for what [? for help]? d: Unknown command.
There is an open door here.
There is a stone staircase leading down here.
You climb downwards.
Found a scroll labelled USMUUQU MYALO.
There is a stone staircase leading up here.
A worm comes into view.
You shoot a sling bullet. The sling bullet hits the worm!
The worm is moderately wounded.
You shoot a sling bullet.
The sling bullet barely misses the worm.
You shoot a sling bullet. The sling bullet hits the worm.
The worm is heavily wounded.
You shoot a sling bullet. The sling bullet hits the worm.
The worm is heavily wounded.
You shoot a sling bullet. The sling bullet hits the worm.
The worm is severely wounded.
You shoot a sling bullet. The sling bullet hits the worm.
The worm is severely wounded.
The worm closely misses you.
You shoot a sling bullet. The sling bullet hits the worm.
The worm is almost dead.
The worm bites you!
Ouch! That really hurt!
You are too injured to fight recklessly!
You are too injured to fight recklessly!
You are too injured to fight recklessly!
You are too injured to fight recklessly!
Fire: b) +1 sling
Press: ? - help, Q - select action, (/) - cycle Shift-Dir - straight line, f/p - worm
Aim: a worm (almost dead, 77% to hit)
You shoot a sling bullet. The sling bullet hits the worm.
The worm is almost dead.
Fire: b) +1 sling
Press: ? - help, Q - select action, (/) - cycle Shift-Dir - straight line, f/p - worm
Aim: a worm (almost dead, 77% to hit)
You shoot a sling bullet.
The sling bullet hits the worm but does no damage.
The worm is almost dead.
You block the worm's attack.
Fire: b) +1 sling
Press: ? - help, Q - select action, (/) - cycle Shift-Dir - straight line, f/p - worm
Aim: a worm (almost dead, 77% to hit)
You shoot a sling bullet. The sling bullet hits the worm.
You kill the worm!
You have reached level 2!
HP restored.
l - a scroll labelled USMUUQU MYALO
m - a scroll labelled UDEROA SAASY You now have 80 gold pieces (gained 11).
You now have 90 gold pieces (gained 10).
An endoplasm comes into view.
You shoot a sling bullet.
The sling bullet hits the endoplasm but does no damage.
The endoplasm quivers.
You shoot a sling bullet.
The sling bullet barely misses the endoplasm.
You shoot a sling bullet.
The sling bullet hits the endoplasm but does no damage.
You shoot a sling bullet. The sling bullet hits the endoplasm.
The endoplasm is almost dead.
The endoplasm closely misses you.
You shoot a sling bullet. The sling bullet hits the endoplasm.
You kill the endoplasm!
No target in view!
Found 6 stones.
You see here 6 stones.
An endoplasm comes into view.
The endoplasm quivers.
You shoot a sling bullet. The sling bullet hits the endoplasm.
The endoplasm is moderately wounded.
You shoot a sling bullet. The sling bullet hits the endoplasm!
You kill the endoplasm!
No target in view!
No target in view!
n - a +5 ring of evasion
n - a +5 ring of evasion (left hand)
Found a stone staircase leading down.
You now have 98 gold pieces (gained 8).
o - a scroll labelled HEUNOV BYLU A ball python comes into view.
The ball python hisses angrily.
You shoot a sling bullet.
The sling bullet closely misses the ball python.
You shoot a sling bullet.
The sling bullet hits the ball python but does no damage.
You shoot a sling bullet.
The sling bullet barely misses the ball python.
You shoot a sling bullet. The sling bullet hits the ball python.
You kill the ball python!
No target in view!
A rat comes into view.
You shoot a sling bullet. The sling bullet barely misses the rat.
You shoot a sling bullet. The sling bullet hits the rat.
You kill the rat!
No target in view!
No target in view!
You see here a scarf of resistance.
p - a pink potion You now have 108 gold pieces (gained 10).
Found a pair of boots.
No target in view!
You see here a +0 pair of boots.
q - a +0 pair of boots You start putting on your armour.
You continue putting on your +0 pair of boots. x4
You finish putting on your +0 pair of boots.
r - a white potion
Found a shimmering blue altar of Sif Muna.
An endoplasm comes into view.
You shoot a sling bullet. The sling bullet hits the endoplasm.
The endoplasm quivers.
The endoplasm is almost dead.
You shoot a sling bullet. The sling bullet hits the endoplasm.
You kill the endoplasm!
No target in view!
An adder comes into view.
You shoot a sling bullet. The sling bullet hits the adder.
The adder hisses angrily.
The adder is heavily wounded.
You shoot a sling bullet. The sling bullet hits the adder.
The adder is almost dead.
You shoot a sling bullet. The sling bullet hits the adder.
You kill the adder!
Your Stealth skill increases to level 1!
No target in view!
No target in view!
You see here an adder corpse.
An endoplasm comes into view.
An endoplasm is nearby!
You shoot a sling bullet.
The sling bullet hits the endoplasm but does no damage.
The endoplasm quivers.
You shoot a sling bullet.
The sling bullet completely misses the endoplasm.
You shoot a sling bullet. The sling bullet hits the endoplasm.
The endoplasm is lightly wounded.
You shoot a sling bullet. The sling bullet hits the endoplasm.
The endoplasm is severely wounded.
You shoot a sling bullet. The sling bullet hits the endoplasm.
You kill the endoplasm!
No target in view!
No target in view!
Found a stone staircase leading down.
s - a ruby potion
Found a stone staircase leading up.
There is a stone staircase leading up here.
t - a viscous green potion Search for what [Enter for "d:", or ? for help]? scarf You see here a scarf of resistance.
u - a scarf of resistance You start putting on your armour.
You continue putting on your scarf of resistance. x4
You finish putting on your scarf of resistance.
You feel resistant to extremes of temperature.
You open the door.
There is an open door here.
There is a stone staircase leading down here.
Found a dagger.
v - a scroll labelled UBREFY AHUBYN A kobold comes into view.
It is wielding a +0 short sword.
You shoot a sling bullet.
The sling bullet hits the kobold but does no damage.
The kobold shouts!
You shoot a sling bullet.
The sling bullet closely misses the kobold.
You shoot a sling bullet.
The sling bullet closely misses the kobold.
You shoot a sling bullet. The sling bullet hits the kobold.
You kill the kobold!
Your +2 short sword of venom begins to drip with poison!
a - a +2 short sword of venom (weapon)
No target in view!
No target in view!
Your +2 short sword of venom stops dripping with poison.
b - a +1 sling (weapon)
You see here a +0 short sword.
A hobgoblin comes into view.
You shoot a sling bullet. The sling bullet hits the hobgoblin.
The hobgoblin shouts!
The hobgoblin is severely wounded.
You shoot a sling bullet. The sling bullet hits the hobgoblin.
You kill the hobgoblin!
No target in view!
No target in view!
Found a mace.
j - 2 scrolls labelled BIM CO ZEX (gained 1)
You see here a +0 mace.
You open the door.
There is an open door here.
You open the door.
There is an open door here.
Found a stone staircase leading up.
A rat comes into view.
You shoot a sling bullet. The sling bullet hits the rat.
You kill the rat!
No target in view!
There is a stone staircase leading up here.
A rat comes into view.
You shoot a sling bullet. The sling bullet hits the rat.
You kill the rat!
No target in view!
You see here a staff of air.
w - a staff of air You see here a rat skeleton.
There is an open door here.
There is a stone staircase leading down here.
A hobgoblin comes into view.
You shoot a sling bullet. The sling bullet hits the hobgoblin.
The hobgoblin shouts!
The hobgoblin is moderately wounded.
You shoot a sling bullet.
The sling bullet closely misses the hobgoblin.
You shoot a sling bullet.
The sling bullet barely misses the hobgoblin.
A jackal comes into view.
You shoot a sling bullet. The jackal barks!
The sling bullet hits the hobgoblin but does no damage.
The hobgoblin is moderately wounded.
You shoot a sling bullet.
The sling bullet closely misses the hobgoblin.
The sling bullet hits the jackal.
The jackal is severely wounded.
A jackal comes into view.
The hobgoblin hits you but does no damage.
You shoot a sling bullet.
The sling bullet barely misses the hobgoblin.
The sling bullet hits the jackal.
The jackal is almost dead.
The hobgoblin barely misses you.
You shoot a sling bullet. The sling bullet hits the hobgoblin!
You kill the hobgoblin!
The jackal bites you.
You have reached level 3!
Your experience leads to a dramatic increase in your attributes!
Increase (S)trength, (I)ntelligence, or (D)exterity?
You feel agile. x4
You shoot a sling bullet.
The sling bullet closely misses the jackal. x2
You block the jackal's attack. The jackal completely misses you.
You shoot a sling bullet.
The sling bullet barely misses the jackal.
The sling bullet hits the jackal but does no damage.
The jackal closely misses you. The jackal misses you.
You shoot a sling bullet.
The sling bullet closely misses the jackal.
The sling bullet hits the jackal.
The jackal is severely wounded.
The jackal closely misses you. The jackal misses you.
You shoot a sling bullet. The sling bullet hits the jackal.
You kill the jackal!
The jackal bites you but does no damage.
You shoot a sling bullet. The sling bullet hits the jackal!
You kill the jackal!
No target in view!
Found a club.
A goblin comes into view. It is wielding a +0 dagger of venom.
You shoot a sling bullet. The sling bullet hits the goblin.
You kill the goblin!
You hear a shout!
No target in view!
No target in view!
A hobgoblin and a frilled lizard come into view.
Found a stone staircase leading down.
The hobgoblin shouts!
The frilled lizard hisses angrily.
Your +2 short sword of venom begins to drip with poison!
a - a +2 short sword of venom (weapon)
You hit the hobgoblin.
The hobgoblin is poisoned.
The hobgoblin is heavily wounded.
You kill the hobgoblin!
The frilled lizard bites you but does no damage.
You see here a hobgoblin corpse.
You hit the frilled lizard.
The frilled lizard is poisoned.
The frilled lizard is heavily wounded.
The frilled lizard bites you but does no damage.
You barely miss the frilled lizard.
The frilled lizard is heavily wounded.
You kill the frilled lizard!
No target in view!
Your +2 short sword of venom stops dripping with poison.
b - a +1 sling (weapon)
Things that are here:
a +0 dagger of venom; a goblin corpse A bat comes into view.
You see here a puce potion.
You shoot a sling bullet. The sling bullet hits the bat.
The bat is moderately wounded.
You shoot a sling bullet.
The sling bullet closely misses the bat.
The bat misses you.
You shoot a sling bullet. The sling bullet barely misses the bat.
The bat hits you but does no damage.
You shoot a sling bullet. The sling bullet barely misses the bat.
The bat completely misses you. x2
You shoot a sling bullet. The sling bullet hits the bat!
You kill the bat!
No target in view!
x - a puce potion You see here a bat corpse.
Found a mace.
You see here a +0 mace.
y - a scroll labelled TUDGHIHUTIU A frilled lizard comes into view.
You shoot a sling bullet.
The sling bullet hits the frilled lizard.
You kill the frilled lizard!
No target in view!
No target in view!
A goblin comes into view. It is wielding a +0 falchion.
You shoot a sling bullet. The goblin shouts!
The sling bullet hits the goblin.
The goblin is heavily wounded.
You shoot a sling bullet. The sling bullet hits the goblin!
You kill the goblin!
No target in view!
y - 2 scrolls labelled TUDGHIHUTIU (gained 1)
You see here a +0 falchion.
Done exploring.
Done exploring.
Search for what [Enter for "scarf", or ? for help]? d:
There is a stone staircase leading down here.
You climb downwards.
There is a stone staircase leading up here.
Found a long sword.
You open the large door.
There is a large open door here.
A ball python comes into view.
Found a club.
There is a large open door here.
You shoot a sling bullet. The sling bullet hits the ball python.
The ball python is severely wounded.
You shoot a sling bullet.
The sling bullet closely misses the ball python.
The ball python barely misses you. The ball python misses you.
You shoot a sling bullet.
The sling bullet closely misses the ball python.
The ball python bites you but does no damage.
The ball python grabs you. The ball python constricts you.
You shoot a sling bullet.
The sling bullet barely misses the ball python.
The ball python completely misses you. The ball python constricts you.
The ball python barely misses you. The ball python constricts you.
You shoot a sling bullet. The sling bullet hits the ball python!
You kill the ball python!
No target in view!
HP restored.
r - 2 white potions (gained 1)
You open the door.
Found 4 boomerangs.
Found a white potion.
There is an open door here.
r - 3 white potions (gained 1)
An endoplasm comes into view.
You see here 4 boomerangs.
z - 4 boomerangs You shoot a sling bullet.
The sling bullet hits the endoplasm.
The endoplasm is almost dead.
You shoot a sling bullet. The sling bullet hits the endoplasm.
You kill the endoplasm!
No target in view!
No target in view!
You open the door.
Found a stone staircase leading down.
There is an open door here.
Found a stone.
You now have 111 gold pieces (gained 3).
You open the door.
There is an open door here.
v - 2 scrolls labelled UBREFY AHUBYN (gained 1)
Found a stone staircase leading down.
Found a dagger.
Found a stone staircase leading down.
There is a stone staircase leading down here.
You see here a +0 dagger.
Found an escape hatch in the floor.
You pick up a book of Iron and begin reading...
You add the spells Animate Armour, Blade Hands and Iron Shot to your library.
Found a spear.
You enter the shallow water.
Moving in this stuff is going to be slow.
Found a stone staircase leading up.
A dart slug comes into view.
You shoot a sling bullet. The sling bullet hits the dart slug.
The dart slug is moderately wounded.
You shoot a sling bullet.
The sling bullet hits the dart slug but does no damage.
The dart slug is moderately wounded.
The dart slug launches a dart at you. The slug dart misses you.
You shoot a sling bullet. The sling bullet hits the dart slug.
The dart slug is severely wounded.
You shoot a sling bullet. The sling bullet hits the dart slug.
You kill the dart slug!
No target in view!
There is a stone staircase leading up here.
There is a stone staircase leading up here.
You now have 124 gold pieces (gained 13).
You open the door.
Found a stone staircase leading up.
You open the door.
There is an open door here.
A - 2 bubbling cyan potions An ogre comes into view.
It is wielding a +0 giant spiked club.
A bat comes into view.
You shoot a sling bullet. The sling bullet hits the bat.
The bat is severely wounded.
The bat hits you.
You shoot a sling bullet. The sling bullet barely misses the bat.
The bat hits you. The bat completely misses you.
You shoot a sling bullet.
The sling bullet closely misses the bat.
The bat hits you but does no damage.
You shoot a sling bullet. The sling bullet barely misses the bat.
The bat closely misses you.
You shoot a sling bullet.
The sling bullet closely misses the bat.
You block the bat's attack. The bat closely misses you.
You shoot a sling bullet.
The sling bullet closely misses the bat.
The bat barely misses you.
You shoot a sling bullet.
The sling bullet completely misses the bat.
The bat hits you but does no damage. The bat barely misses you.
You shoot a sling bullet. The sling bullet hits the bat.
You kill the bat!
No target in view!
No target in view!
Throw: 2 darts (curare)
Press: ? - help, Q - select action, (/) - cycle Shift-Dir - straight line, f - ogre
Aim: an ogre, wielding a +0 giant spiked club (asleep, 98% to hit)
You throw a curare-tipped dart. The curare-tipped dart hits the ogre.
The ogre is poisoned.
The ogre convulses.
The ogre seems to slow down.
The ogre is moderately wounded.
Fire: b) +1 sling
Press: ? - help, Q - select action, (/) - cycle Shift-Dir - straight line, f/p - ogre
Aim: an ogre, wielding a +0 giant spiked club (moderately wounded, very poisoned, slow, 75% to hit)
You shoot a sling bullet. The sling bullet hits the ogre.
The ogre is heavily wounded.
Fire: b) +1 sling
Press: ? - help, Q - select action, (/) - cycle Shift-Dir - straight line, f/p - ogre
Aim: an ogre, wielding a +0 giant spiked club (severely wounded, very poisoned, slow, 75% to hit)
You shoot a sling bullet.
The sling bullet barely misses the ogre.
Fire: b) +1 sling
Press: ? - help, Q - select action, (/) - cycle Shift-Dir - straight line, f/p - ogre
Aim: an ogre, wielding a +0 giant spiked club (severely wounded, very poisoned, slow, 75% to hit)
You shoot a sling bullet.
The sling bullet hits the ogre but does no damage.
The ogre is severely wounded.
Fire: b) +1 sling
Press: ? - help, Q - select action, (/) - cycle Shift-Dir - straight line, f/p - ogre
Aim: an ogre, wielding a +0 giant spiked club (severely wounded, very poisoned, slow, 75% to hit)
You shoot a sling bullet. The sling bullet hits the ogre.
The ogre is severely wounded.
Fire: b) +1 sling
Press: ? - help, Q - select action, (/) - cycle Shift-Dir - straight line, f/p - ogre
Aim: an ogre, wielding a +0 giant spiked club (almost dead, poisoned, slow, 75% to hit)
You shoot a sling bullet.
The sling bullet hits the ogre but does no damage.
The ogre is almost dead.
Fire: b) +1 sling
Press: ? - help, Q - select action, (/) - cycle Shift-Dir - straight line, f/p - ogre
Aim: an ogre, wielding a +0 giant spiked club (almost dead, poisoned, slow, 75% to hit)
You shoot a sling bullet. The sling bullet hits the ogre!
You kill the ogre!
Your Ranged Weapons skill increases to level 3!
Your Stealth skill increases to level 2!
You have reached level 4!
Found an escape hatch in the ceiling.
i - 2 curare-tipped darts (gained 1)
You open the door.
There is an open door here.
As you open the door, it creaks loudly!
B - a ring of magical power You feel your magic capacity increase.
B - a ring of magical power (right hand) Magic restored.
An endoplasm comes into view.
You shoot a sling bullet. The sling bullet hits the endoplasm!
You kill the endoplasm!
No target in view!
No target in view!
C - a wand of acid (11)
You open the door.
There is an open door here.
You open the door.
There is an open door here.
There is an open door here.
There is an open door here.
There is an open door here.
Done exploring.
Done exploring.
There is an open door here.
There is a stone staircase leading down here.
Search for what [Enter for "d:", or ? for help]? d: Unknown command.
You climb downwards.
Found a leather armour and 6 boomerangs.
There is a stone staircase leading up here.
Found a radiant altar of Vehumet.
A hobgoblin and a necrophage come into view.
The hobgoblin is carrying a wand of flame (16).
You shoot a sling bullet. The sling bullet hits the hobgoblin.
The hobgoblin shouts!
The hobgoblin is heavily wounded.
You shoot a sling bullet.
The sling bullet barely misses the hobgoblin.
You hear a shout!
You shoot a sling bullet. The sling bullet hits the hobgoblin!
You kill the hobgoblin!
Fire: b) +1 sling
Press: ? - help, Q - select action, (/) - cycle Shift-Dir - straight line, f - necrophage
Aim: a necrophage (60% to hit)
Okay, then.
Unknown command.
Press: ? - help, v - describe, . - travel
Here: a necrophage The floor.
Fire: b) +1 sling
Press: ? - help, Q - select action, (/) - cycle Shift-Dir - straight line, f - necrophage
Aim: a necrophage (60% to hit)
You shoot a sling bullet.
The sling bullet hits the necrophage but does no damage.
Fire: b) +1 sling
Press: ? - help, Q - select action, (/) - cycle Shift-Dir - straight line, f/p - necrophage
Aim: a necrophage (60% to hit)
You shoot a sling bullet.
The sling bullet completely misses the necrophage.
Fire: b) +1 sling
Press: ? - help, Q - select action, (/) - cycle Shift-Dir - straight line, f/p - necrophage
Aim: a necrophage (60% to hit)
You shoot a sling bullet. The sling bullet hits the necrophage!
The necrophage is moderately damaged.
An orc comes into view. It is wielding a +0 dagger.
The orc attacks as you move away! You block the orc's attack.
The orc attacks as you move away! The orc hits you with a +0 dagger.
An orc comes into view. It is wielding a +0 dagger.
The orc attacks as you move away! The orc hits you with a +0 dagger.
There is a stone staircase leading up here.
Okay, then.
Unknown command.
Your +2 short sword of venom begins to drip with poison!
a - a +2 short sword of venom (weapon)
The orc barely misses you.
Aiming: Corrosive Bolt
Press: ? - help, Shift-Dir - straight line, f/p - necrophage
Aim: a necrophage (moderately damaged, 71% to hit)
The bolt of acid hits the orc!
The acid corrodes the orc!
You kill the orc!
The bolt of acid hits the necrophage.
The acid corrodes the necrophage!
The necrophage is heavily damaged.
You barely miss the necrophage.
The necrophage is heavily damaged.
The necrophage barely misses you.
You hit the necrophage.
The necrophage is heavily damaged.
The necrophage closely misses you.
You barely miss the necrophage.
The necrophage is heavily damaged.
The necrophage barely misses you.
You barely miss the necrophage.
The necrophage is heavily damaged.
The necrophage hits you.
You feel drained.
You closely miss the necrophage.
The necrophage is heavily damaged.
The necrophage hits you.
You feel drained.
You hit the necrophage.
The necrophage is almost destroyed.
The necrophage barely misses you.
You closely miss the necrophage.
The necrophage is almost destroyed.
The necrophage misses you.
You hit the necrophage.
The necrophage is almost destroyed.
The necrophage hits you.
You barely miss the necrophage.
The necrophage is almost destroyed.
The necrophage completely misses you.
You completely miss the necrophage.
The necrophage is almost destroyed.
The necrophage hits you. You block the necrophage's attack.
The orc shouts!
You puncture the necrophage!
You destroy the necrophage!
You hear a shout! x2
Your life force feels restored.
Your Dodging skill increases to level 3!
You have reached level 5!
Your +2 short sword of venom stops dripping with poison.
b - a +1 sling (weapon)
You shoot a sling bullet. The sling bullet hits the orc!
You kill the orc!
You hear a shout! x2
An orc comes into view. It is wielding a +0 short sword.
You hear a shout!
You shoot a sling bullet. The sling bullet barely misses the orc.
You shoot a sling bullet. The sling bullet hits the orc!
You kill the orc!
Your +2 short sword of venom begins to drip with poison!
a - a +2 short sword of venom (weapon)
Your +2 short sword of venom stops dripping with poison.
b - a +1 sling (weapon)
You climb upwards.
There is a stone staircase leading down here.
You start resting.
HP restored.
You climb downwards.
An orc comes into view. It is wielding a +0 club.
There is a stone staircase leading up here.
You shoot a sling bullet.
The sling bullet closely misses the orc.
You hear a shout! x2
You shoot a sling bullet. The sling bullet hits the orc!
You kill the orc!
An orc wizard and 2 orcs come into view.
The orc shouts!
You shoot a sling bullet.
The sling bullet barely misses the orc wizard.
There is a stone staircase leading up here.
You shoot a sling bullet. The sling bullet hits the orc wizard.
The orc wizard is moderately wounded.
The orc wizard casts a spell at you. The puff of flame hits you. You resist.
You shoot a sling bullet. The sling bullet hits the orc wizard!
The orc wizard is severely wounded.
You shoot a sling bullet.
The sling bullet hits the orc but does no damage.
The orc wizard casts a spell at you. The puff of flame hits you. You resist.
The orc barely misses you. The orc closely misses you.
You climb upwards.
There is a stone staircase leading down here.
Your +2 short sword of venom begins to drip with poison!
a - a +2 short sword of venom (weapon)
The orc misses you.
You hit the orc but do no damage. The orc closely misses you.
You hit the orc but do no damage.
The orc is poisoned.
The orc misses you.
You puncture the orc!
You kill the orc!
No target in view!
No target in view!
No target in view!
You now have 138 gold pieces (gained 14).
Things that are here:
a +0 short sword; a +0 leather armour; an orc corpse
There is a stone staircase leading down here.
You start resting.
HP restored.
You climb downwards.
There is a stone staircase leading up here.
Things that are here:
a +0 dagger; a necrophage corpse; an orc corpse You hit the orc wizard.
The orc wizard is poisoned.
The orc wizard is almost dead.
The orc wizard mumbles some strange words.
The orc wizard flickers and vanishes!
Deactivating autopickup; reactivate with Ctrl-A.
You barely miss something.
You hear some strange, mumbled words.
Something tries to affect you, but you resist.
You closely miss something.
Reactivating autopickup.
You feel a bit more experienced.
Your Ranged Weapons skill increases to level 4!
You puncture the orc!
The orc is poisoned.
The orc is severely wounded.
The orc completely misses you.
You puncture the orc!
You kill the orc!
There is a stone staircase leading up, spattered with blood here.
Things that are here:
a +0 club; a +0 dagger; a +0 robe Your +2 short sword of venom stops dripping with poison.
b - a +1 sling (weapon)
z - 10 boomerangs (gained 6)
You see here a +0 short sword.
z - 12 boomerangs (gained 2)
You see here a +0 dagger.
D - a wand of flame (16)
You see here a hobgoblin corpse.
An orc comes into view. It is wielding a +3 mace.
You shoot a sling bullet. The sling bullet hits the orc.
You kill the orc!
No target in view!
No target in view!
You see here a +3 mace.
m - 2 scrolls labelled UDEROA SAASY (gained 1)
An orc priest and 2 orcs come into view.
Fire: b) +1 sling
Press: ? - help, Q - select action, (/) - cycle Shift-Dir - straight line, f - orc priest
Aim: an orc priest, wielding a +0 club and wearing a +0 leather armour (asleep, 98% to hit)
You shoot a sling bullet. The sling bullet hits the orc priest.
The orc priest shouts!
The orc priest is lightly wounded.
The orc shouts!
You hear a shout!
The orc priest begins to cast a cantrip, but forgets the words!
An orc warrior comes into view. It is wielding a +0 dire flail.
The orc shouts!
You see here a +3 mace.
The orc priest invokes the aid of Beogh against you.
Beogh smites you!
You shoot a sling bullet.
The sling bullet closely misses the orc.
The sling bullet barely misses the orc.
The sling bullet hits the orc priest.
The orc priest is lightly wounded.
You shoot a sling bullet. The sling bullet hits the orc.
The orc is almost dead.
The orc priest miscasts a cantrip.
The orc misses you.
Aiming: Corrosive Bolt
Press: ? - help, Shift-Dir - straight line, p - orc
Okay, then.
Unknown command.
Fire: b) +1 sling
Press: ? - help, Q - select action, (/) - cycle Shift-Dir - straight line, f/p - orc
Aim: an orc, wielding a +0 mace (almost dead, 62% to hit)
You shoot a sling bullet.
The sling bullet closely misses the orc.
The sling bullet hits the orc but does no damage.
The orc hits you with a +0 mace.
Fire: b) +1 sling
Press: ? - help, Q - select action, (/) - cycle Shift-Dir - straight line, f/p - orc
Aim: an orc, wielding a +0 mace (almost dead, 62% to hit)
You shoot a sling bullet.
The sling bullet barely misses the orc. x2
The sling bullet hits the orc priest.
The orc priest is moderately wounded.
The orc misses you.
Fire: b) +1 sling
Press: ? - help, Q - select action, (/) - cycle Shift-Dir - straight line, f/p - orc
Aim: an orc, wielding a +0 mace (almost dead, 62% to hit)
You shoot a sling bullet. The sling bullet barely misses the orc.
The sling bullet closely misses the orc.
The sling bullet hits the orc priest!
The orc priest is almost dead.
The orc barely misses you.
Fire: b) +1 sling
Press: ? - help, Q - select action, (/) - cycle Shift-Dir - straight line, f/p - orc
Aim: an orc, wielding a +0 mace (almost dead, 62% to hit)
You shoot a sling bullet. The sling bullet hits the orc.
You kill the orc!
The orc misses you.
Fire: b) +1 sling
Press: ? - help, Q - select action, (/) - cycle Shift-Dir - straight line, f - orc
Aim: an orc, wielding a +0 hand axe and wearing a +0 leather armour (62% to hit)
You shoot a sling bullet. The sling bullet hits the orc.
You kill the orc!
Fire: b) +1 sling
Press: ? - help, Q - select action, (/) - cycle Shift-Dir - straight line, f - orc priest
Aim: an orc priest, wielding a +0 club and wearing a +0 leather armour (almost dead, 62% to hit)
You shoot a sling bullet.
The sling bullet barely misses the orc priest.
The orc priest completely misses you.
Your +2 short sword of venom begins to drip with poison!
a - a +2 short sword of venom (weapon)
The orc priest hits you but does no damage.
You barely miss the orc priest.
The orc priest is almost dead.
The orc priest closely misses you.
You hit the orc priest but do no damage.
The orc priest is poisoned.
The orc priest is almost dead.
You kill the orc priest!
Press: ? - help, v - describe, . - travel, g - get item
Items here: ))) [[ ††.
The floor, spattered with blood.
Items here: ))) [[ ††.
Things that are here:
a +0 dagger; a necrophage skeleton; an orc skeleton
There is a stone staircase leading up, spattered with blood here.
Things that are here:
a +0 club; a +0 dagger; a +0 robe You climb upwards.
There is a stone staircase leading down here.
You start resting.
HP restored.
Your +2 short sword of venom stops dripping with poison.
b - a +1 sling (weapon)
You climb downwards.
There is a stone staircase leading up, spattered with blood here.
Things that are here:
a +0 club; a +0 robe; a +0 dagger
Things that are here:
a +0 dagger; a necrophage skeleton; an orc skeleton A ball python comes into view.
You shoot a sling bullet. The sling bullet hits the ball python.
You kill the ball python!
Found a glowing silver altar of Zin.
Found an escape hatch in the floor.
There is an escape hatch in the floor here.
There is an escape hatch in the floor here.
There is a glowing silver altar of Zin here.
You open the gate.
There is an open gate here.
An endoplasm comes into view.
Found a shimmering altar of Xom.
An endoplasm is nearby!
You shoot a sling bullet. The sling bullet hits the endoplasm.
You kill the endoplasm!
No target in view!
No target in view!
There is an open gate here.
There is a glowing silver altar of Zin here.
There is an escape hatch in the floor here.
Unknown command.
Press: ? - help, v - describe, . - travel
Here: an orc warrior, wielding a +0 dire flail and wearing a +0 chain mail (wandering, hasn't noticed you)
The floor.
Throw: 2 darts (curare)
Press: ? - help, Q - select action, (/) - cycle Shift-Dir - straight line, f - orc warrior
Aim: an orc warrior, wielding a +0 dire flail and wearing a +0 chain mail (wandering, hasn't noticed you, 57% to hit)
You throw a curare-tipped dart.
The curare-tipped dart hits the orc warrior.
The orc warrior is poisoned.
The orc warrior convulses.
The orc warrior seems to slow down.
The orc warrior shouts!
The orc warrior is moderately wounded.
Fire: b) +1 sling
Press: ? - help, Q - select action, (/) - cycle Shift-Dir - straight line, f/p - orc warrior
Aim: an orc warrior, wielding a +0 dire flail and wearing a +0 chain mail (moderately wounded, very poisoned, slow, 58% to hit)
You shoot a sling bullet.
The sling bullet hits the orc warrior but does no damage.
The orc warrior is moderately wounded.
Fire: b) +1 sling
Press: ? - help, Q - select action, (/) - cycle Shift-Dir - straight line, f/p - orc warrior
Aim: an orc warrior, wielding a +0 dire flail and wearing a +0 chain mail (moderately wounded, very poisoned, slow, 58% to hit)
You shoot a sling bullet.
The sling bullet hits the orc warrior but does no damage.
The orc warrior is moderately wounded.
Fire: b) +1 sling
Press: ? - help, Q - select action, (/) - cycle Shift-Dir - straight line, f/p - orc warrior
Aim: an orc warrior, wielding a +0 dire flail and wearing a +0 chain mail (heavily wounded, very poisoned, slow, 58% to hit)
You shoot a sling bullet.
The sling bullet barely misses the orc warrior.
Fire: b) +1 sling
Press: ? - help, Q - select action, (/) - cycle Shift-Dir - straight line, f/p - orc warrior
Aim: an orc warrior, wielding a +0 dire flail and wearing a +0 chain mail (heavily wounded, very poisoned, slow, 58% to hit)
You shoot a sling bullet.
The sling bullet closely misses the orc warrior.
Fire: b) +1 sling
Press: ? - help, Q - select action, (/) - cycle Shift-Dir - straight line, f/p - orc warrior
Aim: an orc warrior, wielding a +0 dire flail and wearing a +0 chain mail (severely wounded, poisoned, slow, 58% to hit)
You shoot a sling bullet.
The sling bullet closely misses the orc warrior.
Your +2 short sword of venom begins to drip with poison!
a - a +2 short sword of venom (weapon)
You completely miss the orc warrior.
The orc warrior is severely wounded.
The orc warrior hits you with a +0 dire flail!
You barely miss the orc warrior.
The orc warrior is almost dead.
The orc warrior hits you with a +0 dire flail!
You are too injured to fight recklessly!
You hit the orc warrior but do no damage.
The orc warrior looks even sicker.
The orc warrior is almost dead.
The orc warrior is no longer moving slowly.
The orc warrior completely misses you.
You completely miss the orc warrior.
The orc warrior is almost dead.
The orc warrior hits you with a +0 dire flail!
* * * LOW HITPOINT WARNING * * *
The orc warrior attacks as you move away!
The orc warrior hits you with a +0 dire flail!
You die...

Skill      XL: |  1  2  3  4  5 |
---------------+----------------+-----
Ranged Weapons | 2 3 4 |  4.2
Dodging        | 2 3 |  3.2
Stealth        | 1 2 |  2.6
Fighting       | |  0.8
Spellcasting   | |  1.0
Hexes          | |  2.6

Action                     |  1- 3 |  4- 6 || total
---------------------------+-------+-------++-------
  Melee: Short sword       |     3 |    25 ||    28
   Fire: Sling             |   109 |    33 ||   142
  Throw: Dart              |     1 |     1 ||     2
   Cast: Slow              |     1 |       ||     1
  Evoke: Wand              |       |     1 ||     1
 Armour: Robe              |     8 |     1 ||     9
  Dodge: Dodged            |    24 |    20 ||    44
  Block: Buckler           |     4 |     2 ||     6

Levels and vault maps discovered:
D:1:      matt_arrival_diagonals, layout_basic,
          hellmonk_ecumenical_altar_arch_garden, serial_shops, shop,
          serial_bayou_ford_a
D:2:      layout_basic, basic_altar
D:3:      layout_basic, grunt_decor_cap
D:4:      layout_loops_ring, overflow_temple_1_default,
          mainiacjoe_overflow_catwalk, vehumet_altar_wand_db,
          mainiacjoe_overflow_alcove_4, lemuel_temple_firewalk_b, uniq_duvessa

Notes
Turn   | Place    | Note
-------+----------+-------------------------------------------
     0 | D:1      | scionoferis the Demigod Hexslinger began the quest for the
                  | Orb.
     0 | D:1      | Reached XP level 1. HP: 15/15 MP: 4/4
   137 | D:1      | Reached skill level 2 in Ranged Weapons
   226 | D:1      | Reached skill level 2 in Dodging
   371 | D:1      | Found Uluos's Book Shoppe.
   779 | D:2      | Reached XP level 2. HP: 10/22 MP: 5/5
   973 | D:2      | Identified a scarf of resistance
  1084 | D:2      | Reached skill level 1 in Stealth
  1456 | D:2      | Reached XP level 3. HP: 26/27 MP: 6/6
  1957 | D:3      | Noticed an ogre
  1978 | D:3      | Killed an ogre
  1979 | D:3      | Reached skill level 3 in Ranged Weapons
  1979 | D:3      | Reached skill level 2 in Stealth
  1979 | D:3      | Reached XP level 4. HP: 34/34 MP: 8/8
  2238 | D:4      | Noticed a necrophage
  2290 | D:4      | Killed a necrophage
  2291 | D:4      | Reached skill level 3 in Dodging
  2291 | D:4      | Reached XP level 5. HP: 20/39 MP: 9/9
  2418 | D:4      | Reached skill level 4 in Ranged Weapons
  2477 | D:4      | Noticed an orc warrior
  2705 | D:4      | Mangled by an orc warrior

Vanquished Creatures
  An ogre (D:3)
  A necrophage (D:4)
  An orc priest (D:4)
  An orc wizard (D:4)
  An adder (D:2)
  A worm (D:2)
  A dart slug (D:3)
  9 orcs (D:4 D:3)
  3 bats (D:1 D:2 D:3)
  7 endoplasms (D:2 D:3 D:4)
  3 goblins (D:1 D:2)
  5 hobgoblins (D:1 D:2 D:4)
  2 jackals (D:2)
  4 kobolds (D:1 D:2)
  A quokka (D:1)
  3 ball pythons (D:2 D:3 D:4)
  2 frilled lizards (D:2)
  3 rats (D:2)
49 creatures vanquished.

Table legend: (Time is in decaauts)
 A = Elapsed time spent in this place.
 B = Non-inter-level travel time spent in this place.
 C = Inter-level travel time spent in this place.
 D = Time resting spent in this place.
 E = Time spent auto-exploring this place.
 F = Levels seen in this place.
 G = Mean time per level.
                   A        B        C        D        E       F      G
               +--------+--------+--------+--------+--------+-----+--------+
         Total |   2753 |   2695 |     58 |    138 |   2069 |   4 |  688.2 |
       Dungeon |   2753 |   2695 |     58 |    138 |   2069 |   4 |  688.2 |
               +--------+--------+--------+--------+--------+-----+--------+

Top non-repeatable levels by time:
     D:2: 913 daAuts
     D:1: 781 daAuts
     D:3: 721 daAuts
     D:4: 337 daAuts

Table legend:
 A = Non-vault XP
 B = Vault XP
 C = Vault XP percentage of total XP
 D = Non-vault monster count
 E = Vault monster count
 F = Vault count percentage of total count
                 A         B        C        D         E       F
            +---------+---------+-------+---------+---------+-------
      Total |     380 |       2 |   0.5 |      48 |       1 |   2.0
            +---------+---------+-------+---------+---------+-------
        D:1 |      12 |       0 |   0.0 |       7 |       0 |   0.0
        D:2 |      50 |       0 |   0.0 |      21 |       0 |   0.0
        D:3 |     134 |       0 |   0.0 |       7 |       0 |   0.0
        D:4 |     184 |       2 |   1.1 |      13 |       1 |   7.1
            +---------+---------+-------+---------+---------+-------
